 Dungeon Crawl Stone Soup version 0.21.1-1-g345015f (webtiles) character file.

47 RedG the Shield-Bearer (level 3, -13/36 HPs)
             Began as a Troll Fighter on May 14, 2018.
             Mangled by johnjohn's ghost (15 damage)
             ... on level 3 of the Dungeon.
             The game lasted 00:29:53 (829 turns).

RedG the Shield-Bearer (Troll Fighter)               Turns: 829, Time: 00:29:53

Health: -13/36     AC:  5    Str: 24    XL:     3   Next: 48%
Magic:  2/2        EV:  8    Int:  4    God:
Gold:   71         SH:  9    Dex: 10    Spells: 2/2 levels left

rFire    . . .     SeeInvis .   n - +0 whip
rCold    . . .     Gourm    +   c - +0 shield
rNeg     . . .     Faith    .   b - +0 robe
rPois    .         Spirit   .   (helmet restricted)
rElec    .         Reflect  .   (no cloak)
rCorr    .         Harm     .   (gloves unavailable)
MR       .....     Rnd*Tele +   (boots unavailable)
Stlth    +.........             (no amulet)
HPRegen  0.52/turn              j - ring of teleportation (curse)
MPRegen  0.08/turn              (no ring)

@: lethally poisoned (-13 -> -14)
A: large, unfitting armour, claws 3, fast metabolism 3, gourmand, regeneration
1, shaggy fur 1, tough skin 2
a: no special abilities


You were on level 3 of the Dungeon.
You were not hungry.

You visited 1 branch of the dungeon, and saw 3 of its levels.

You collected 71 gold pieces.

Inventory:

Hand Weapons
 a - a +0 long sword
 e - a +0 club
 i - a +0 dagger
 l - a +0 club
 n - a +0 whip (weapon)
 o - a +0 dagger
 s - a +0 dagger
Missiles
 h - 27 stones (quivered)
 m - 15 bolts
 t - a poisoned needle
Armour
 b - a +0 robe (worn)
 c - a +0 shield (worn)
 p - a +0 ring mail
Jewellery
 j - a cursed ring of teleportation (left claw)
Scrolls
 g - a scroll of immolation
 k - a scroll of amnesia
Potions
 d - a potion of might
 q - a potion of ambrosia {unknown}
Comestibles
 f - 3 rations
 r - 3 chunks of flesh


   Skills:
 + Level 2.7 Fighting
 + Level 0.4(1.2) Short Blades
 + Level 1.7(1.8) Long Blades
 + Level 0.4 Maces & Flails
 + Level 2.8 Dodging
 + Level 2.8 Shields


You had 2 spell levels left.
You didn't know any spells.

Dungeon Overview and Level Annotations

Branches:
Dungeon (2/15)

Altars:

Annotations:
D:3 johnjohn's ghost, amateur HOFi


Innate Abilities, Weirdness & Mutations

You are too large for most types of armour.
You have claws for hands.
Your metabolism is lightning-fast.
You like to eat raw meat.
Your natural rate of healing is unusually fast.
You are covered in fur. (AC +1)
You have very tough skin. (AC +2)


Message History

You block johnjohn's ghost's attack.
You closely miss johnjohn's ghost.
Johnjohn's ghost is lightly damaged.
Johnjohn's ghost hits you!
A kobold comes into view.
The kobold shouts!
You hear a shout!
The kobold wields a blowgun.
The kobold shoots a poisoned needle.
The poisoned needle hits you!
You are poisoned.
An adder comes into view.
You see here a poisoned needle.
t - a poisoned needle You feel sick.
Johnjohn's ghost hits you!
* * * LOW HITPOINT WARNING * * *
The kobold shoots a poisoned needle.
The poisoned needle closely misses you.
A hobgoblin comes into view.
You hit johnjohn's ghost but do no damage.
Johnjohn's ghost is lightly damaged.
You feel sick. Johnjohn's ghost hits you!
You die...

#.# ###.#####
####.......####
#..........W......
#.###.##.##.####..
###. #.# ..) #...
#.# ).##
#..###.##..###
#.#@W.........
#..###.###.### #.K
#.# #.. ... #..
###. #S. ## #.# g.


You could see johnjohn's ghost, an adder, a hobgoblin and a kobold.

Vanquished Creatures
  2 adders
  2 dart slugs (D:1)
  A leopard gecko (D:1)
  A bat (D:1)
  A giant cockroach (D:2)
  6 goblins (D:1)
  A hobgoblin (D:1)
  3 kobolds (D:1)
  5 rats
22 creatures vanquished.

Notes
Turn   | Place    | Note
-------+----------+-------------------------------------------
     0 | D:1      | RedG the Troll Fighter began the quest for the Orb.
     0 | D:1      | Reached XP level 1. HP: 22/22 MP: 0/0
   221 | D:1      | Reached XP level 2. HP: 29/29 MP: 1/1
   637 | D:2      | Reached XP level 3. HP: 33/36 MP: 2/2
   784 | D:2      | You fall through a shaft!
   807 | D:3      | Noticed johnjohn's ghost (amateur HOFi)
   829 | D:3      | Mangled by johnjohn's ghost

Action                   || total
-------------------------++-------
Melee: Long sword        ||    23
       Whip              ||    57
       Dagger            ||    10
  Use: Scroll            ||     2
       Potion            ||     2
  Eat: Ration            ||     2
Armor: Robe              ||    29
Dodge: Dodged            ||    29
Block: Shield            ||    40
